Map: Abyssal Reef LE

Players

BackupA (Rob) - Winner!

  • Race: Protoss Protoss
  • Spawn Location: 5:00

Raze

  • Race: Terran Terran
  • Spawn Location: 11:00

Event: WCS Montreal 2017

VOD

Have the link to the VOD?

Description

Time

  • Played on: Sept. 8, 2017, 11:51 a.m.
  • Length: 22:35

All games in this series

Show
View Real Time Build Order
Export as new Build Order

BackupA Protoss - Winner!

Build Orders: 1 Gate Expand 

Get SALT Encoding   

  12  0:00  Probe (Chrono Boost)  
  13  0:11  Probe (Chrono Boost)  
  14  0:17  Pylon  
  14  0:22  Probe (Chrono Boost)  
  15  0:35  Probe (Chrono Boost)  
  16  0:37  Gateway  
  16  0:45  Probe (Chrono Boost)  
  16  0:47  Assimilator  
  17  0:56  Probe (Chrono Boost)  
  18  1:06  Probe (Chrono Boost)  
  19  1:17  Probe (Chrono Boost)  
  20  1:24  Nexus  
  20  1:28  Probe (Chrono Boost)  
  21  1:36  Cybernetics Core  
  21  1:40  Probe (Chrono Boost)  
  21  1:45  Assimilator  
  22  1:52  Probe (Chrono Boost)  
  23  1:55  Pylon  
  23  2:13  Mothership Core (Chrono Boost)  
  23  2:14  Adept  
  27  2:22  Warp Gate  
  27  2:32  Probe (Chrono Boost)  
  28  2:37  Probe (Chrono Boost)  
  28  2:42  Probe (Chrono Boost)  
  30  2:48  Probe (Chrono Boost)  
  31  2:53  Probe (Chrono Boost)  
  31  2:56  Robotics Facility  
  33  2:58  Probe (Chrono Boost)  
  33  3:05  Probe (Chrono Boost)  
  34  3:07  Stalker  
  34  3:09  Probe (Chrono Boost)  
  37  3:15  Probe (Chrono Boost)  
  37  3:19  Probe (Chrono Boost)  
  39  3:26  Probe (Chrono Boost)  
  40  3:28  Gateway  
  40  3:30  Probe (Chrono Boost), Gateway  
  41  3:36  Probe (Chrono Boost)  
  41  3:39  Probe (Chrono Boost)  
  43  3:45  Warp Prism (Chrono Boost)  
  43  3:47  Probe, Pylon  
  46  3:51  Twilight Council  
  46  3:56  Assimilator  
  46  3:59  Assimilator  
  46  4:03  Probe  
  46  4:05  Probe (Chrono Boost)  
  47  4:15  Probe (Chrono Boost)  
  49  4:17  Probe (Chrono Boost)  
  49  4:19  Observer  
  50  4:25  Pylon  
  50  4:26  Probe (Chrono Boost)  
  50  4:27  Probe (Chrono Boost)  
  50  4:29  Stalker  
  54  4:32  Dark Shrine, Pylon  
  54  4:43  Probe x2 (Chrono Boost)  
  56  4:48  Adept x2  
  56  4:52  Adept  
  62  4:57  Gateway  
  62  4:59  Gateway  
  62  5:00  Pylon  
  62  5:16  Zealot x3  
  62  5:21  Immortal (Chrono Boost)  
  58  5:22  Charge (Chrono Boost)  
  58  5:24  Stalker x3  
  68  5:38  Pylon  
  68  5:40  Forge, Pylon  
  68  5:42  Pylon  
  68  5:47  Pylon  
  68  6:00  Dark Templar x3  
  74  6:07  Probe x2  
  74  6:12  Immortal  
  74  6:14  Protoss Ground Weapons Level 1 (Chrono Boost)  
  74  6:26  Dark Templar x2  
  74  6:28  Probe x2  
  78  6:36  Stalker x3  
  80  6:53  Templar Archives  
  84  6:54  Immortal (Chrono Boost)  
  83  7:12  Zealot  
  83  7:13  Nexus, Zealot x4  
  93  7:19  Psionic Storm  
  94  7:22  Probe  
  94  7:23  Probe  
  95  7:30  Gateway  
  95  7:32  Gateway  
  95  7:33  Dark Templar  
  95  7:40  Zealot x3  
  95  7:43  Probe  
  102  7:50  Zealot  
  100  8:01  High Templar x2  
  100  8:03  Protoss Ground Armor Level 1 (Chrono Boost)  
  100  8:07  Zealot x2, Pylon  
  104  8:13  Pylon  
  96  8:33  Probe x2  
  79  8:36  Stalker x5  
  86  8:42  Probe  
  86  8:45  Probe  
  88  8:50  Pylon  
  88  8:52  High Templar  
  88  8:54  High Templar  
  92  8:57  Probe  
  92  8:58  Probe  
  92  8:59  Probe  
  92  9:00  Pylon  
  92  9:02  Pylon  
  95  9:13  Zealot x4  
  95  9:16  Pylon  
  103  9:18  Dark Templar  
  103  9:23  Probe  
  103  9:24  Probe  
  99  9:30  Zealot x2  
  99  9:31  Zealot x4  
  96  9:32  Probe  
  96  9:36  Probe x2  
  99  9:41  Pylon  
  99  9:51  Dark Templar  
  101  9:53  High Templar x2  
  101  9:54  Zealot x2  
  101  9:57  Probe  
  101  9:58  Probe, Archon  
  111  10:00  Probe, Assimilator  
  111  10:02  Assimilator  
  110  10:08  Robotics Bay  
  110  10:15  Probe  
  110  10:17  Probe x2  
  110  10:18  Forge  
  113  10:24  Dark Templar  
  113  10:26  Probe, Dark Templar  
  118  10:30  Probe  
  118  10:31  Probe  
  120  10:35  Pylon  
  120  10:38  Stalker  
  120  10:39  High Templar  
  124  10:48  Photon Cannon  
  119  10:51  High Templar  
  119  10:55  Probe  
  119  10:56  Probe  
  124  10:57  Probe  
  124  10:58  Archon  
  124  11:02  Zealot x2  
  128  11:10  Dark Templar x3  
  134  11:18  Probe x2  
  134  11:25  Zealot x3  
  134  11:30  Probe, Zealot, Protoss Ground Armor Level 2 (Chrono Boost)  
  131  11:33  Protoss Ground Weapons Level 2 (Chrono Boost)  
  131  11:43  Colossus (Chrono Boost)  
  137  12:06  Extended Thermal Lance (Chrono Boost)  
  137  12:12  Nexus  
  137  12:19  Photon Cannon  
  137  12:27  Stalker x3  
  129  12:45  High Templar  
  129  12:53  Colossus  
  129  12:54  Blink (Chrono Boost)  
  134  13:04  Nexus, Stalker x4  
  140  13:24  Stalker x3  
  142  13:36  Stalker x2  
  142  13:37  Stalker  
  149  13:41  Probe x3  
  151  13:50  High Templar x3  
  151  13:54  Pylon  
  157  13:56  Archon  
  139  14:15  Archon  
  123  14:21  Zealot x4  
  123  14:24  Colossus  
  123  14:26  High Templar x3  
  123  14:27  Assimilator  
  123  14:29  Assimilator  
  133  14:44  High Templar x2  
  137  14:51  Pylon  
  134  15:04  Zealot x5  
  144  15:08  Protoss Ground Armor Level 3 (Chrono Boost)  
  144  15:09  Protoss Ground Weapons Level 3 (Chrono Boost), Photon Cannon  
  144  15:10  Photon Cannon  
  144  15:13  Photon Cannon  
  144  15:20  Pylon  
  144  15:28  Zealot x3  
  146  15:30  High Templar x2  
  150  15:44  Pylon  
  116  16:08  Zealot x7  
  116  16:09  Colossus (Chrono Boost)  
  132  16:28  Stalker x4  
  132  16:29  Stalker x2  
  132  16:31  High Templar  
  146  16:48  Nexus  
  146  16:54  High Templar  
  146  16:55  High Templar x3, Pylon  
  154  17:02  Stalker x2  
  154  17:08  Zealot  
  132  17:33  Zealot x7  
  132  17:35  Colossus (Chrono Boost)  
  150  17:42  Robotics Facility  
  136  18:00  Stalker x3  
  136  18:01  Stalker x3  
  148  18:12  High Templar  
  140  18:26  Probe, Stalker  
  140  18:27  Stalker x5  
  146  18:28  Probe x2  
  146  18:29  Probe  
  150  18:37  Probe  
  151  18:44  Assimilator  
  151  18:45  Assimilator  
  151  18:46  Disruptor (Chrono Boost)  
  151  18:47  Photon Cannon  
  154  19:00  Stalker x4  
  160  19:16  Probe  
  160  19:18  Probe x2  
  160  19:19  Pylon  
  163  19:29  High Templar x2, Zealot x2  
  163  19:30  Zealot x3  
  177  19:34  Colossus (Chrono Boost)  
  183  19:38  Pylon  
  168  20:01  Stalker x7  
  177  20:14  Colossus (Chrono Boost)  
  183  20:23  Colossus (Chrono Boost)  
  185  20:50  Stalker x5  
  183  21:00  Colossus (Chrono Boost)  
  183  21:01  Stalker x2  
  141  21:25  Stalker x2  
  135  21:26  Stalker x5  
  137  21:51  Stalker x6  
  149  21:56  Nexus  
  143  22:20  Stalker  
  143  22:21  Stalker x6  
Show
View Real Time Build Order
Export as new Build Order

Raze Terran 

Build Orders: Reaper Expand, MMM Bio 

Get SALT Encoding   

  12  0:00  SCV  
  13  0:12  SCV  
  14  0:17  Supply Depot  
  14  0:24  SCV  
  15  0:38  SCV  
  15  0:40  Barracks  
  16  0:44  Refinery  
  16  0:50  SCV  
  17  1:03  SCV  
  18  1:15  SCV  
  19  1:28  Orbital Command, Reaper  
  20  1:47  Command Center  
  20  1:53  SCV  
  21  1:59  Supply Depot  
  21  2:00  Marine  
  22  2:05  SCV  
  23  2:13  Factory  
  23  2:20  SCV  
  23  2:21  Barracks Reactor  
  24  2:24  Refinery  
  24  2:33  SCV  
  25  2:45  SCV  
  26  2:57  Marine x2, SCV  
  26  2:58  Starport, Widow Mine  
  32  3:07  Orbital Command  
  32  3:10  SCV  
  32  3:15  Marine x2  
  32  3:18  Barracks  
  34  3:23  SCV  
  35  3:28  Factory Tech Lab  
  35  3:34  SCV  
  35  3:35  SCV  
  35  3:36  Marine x2  
  39  3:44  Supply Depot  
  39  3:46  SCV  
  39  3:47  SCV  
  41  3:53  Marine x2  
  41  3:54  Raven  
  41  3:55  Factory Tech Lab  
  45  3:58  SCV  
  46  4:05  Supply Depot  
  46  4:06  SCV  
  47  4:11  SCV  
  47  4:12  Marine x2  
  49  4:18  SCV  
  49  4:19  Barracks, Factory Tech Lab, Marine, Stimpack  
  49  4:23  Supply Depot, SCV  
  52  4:27  Refinery  
  52  4:31  Marine x2  
  52  4:32  SCV  
  52  4:35  SCV  
  52  4:38  Marine  
  57  4:39  Siege Tank  
  57  4:44  SCV  
  57  4:45  Liberator  
  61  4:47  SCV  
  61  4:52  Marine x2  
  64  4:55  Marine  
  64  4:56  SCV  
  64  4:57  Supply Depot  
  64  4:58  Engineering Bay  
  64  4:59  SCV  
  68  5:14  Marine x2  
  68  5:18  Marine, SCV  
  72  5:22  SCV  
  72  5:26  Siege Tank  
  76  5:30  SCV  
  76  5:32  Marine  
  76  5:35  Supply Depot  
  78  5:41  Terran Infantry Weapons Level 1  
  78  5:51  Command Center  
  78  5:52  Starport Reactor  
  78  5:56  Marine x4  
  82  6:04  SCV  
  83  6:09  SCV  
  79  6:14  Marine  
  79  6:15  Marauder  
  79  6:17  SCV, Missile Turret  
  80  6:22  SCV  
  80  6:30  SCV  
  80  6:31  Medivac x2  
  85  6:36  Combat Shields  
  85  6:39  SCV, Factory Reactor  
  85  6:43  SCV  
  86  6:58  Command Center  
  86  6:59  Marine x3, SCV, Marauder  
  92  7:04  Missile Turret  
  92  7:05  SCV  
  91  7:10  Refinery  
  91  7:16  Marine  
  91  7:17  Marauder  
  91  7:18  Widow Mine x2  
  97  7:23  Missile Turret  
  97  7:29  SCV  
  98  7:30  Concussive Shells  
  97  7:38  SCV  
  97  7:41  Marauder  
  97  7:42  Marauder  
  102  7:45  Marine  
  102  7:47  SCV  
  100  7:51  Supply Depot  
  100  7:52  SCV  
  101  7:59  SCV  
  101  8:04  SCV  
  100  8:14  Marine x2, Marauder x2  
  100  8:15  SCV, Widow Mine  
  100  8:18  Orbital Command  
  109  8:23  Terran Infantry Armor Level 1  
  93  8:41  Marine x2, Marauder x2  
  97  8:42  Medivac x2  
  97  8:45  Orbital Command  
  97  8:46  SCV x2  
  105  8:58  SCV x2  
  105  8:59  Marine x2  
  113  9:03  Marauder x2  
  113  9:04  Missile Turret  
  113  9:07  Barracks  
  113  9:10  Barracks  
  113  9:16  SCV x2  
  115  9:17  SCV  
  116  9:26  Marine, Marauder  
  116  9:28  SCV x2  
  116  9:29  SCV, Marauder  
  117  9:37  Widow Mine x2  
  117  9:41  SCV  
  117  9:42  SCV x2  
  120  9:47  Marauder  
  120  9:51  Medivac x2  
  126  9:54  SCV x3  
  129  10:03  Barracks Reactor, Barracks Tech Lab  
  129  10:04  Armory  
  129  10:06  Liberator x2, Widow Mine, SCV, Engineering Bay  
  132  10:12  SCV  
  132  10:13  Supply Depot, SCV  
  132  10:14  Supply Depot  
  136  10:18  SCV  
  137  10:24  SCV  
  144  10:29  Refinery x2  
  144  10:35  Marine x2, Marauder x2  
  150  10:42  Starport  
  146  10:52  Liberator x2  
  146  10:54  Marine x2, Marauder  
  146  10:56  Marauder  
  146  10:57  Marauder  
  154  10:59  Command Center  
  154  11:00  Supply Depot x2  
  154  11:01  Supply Depot  
  154  11:03  Terran Infantry Armor Level 2  
  160  11:11  Marine  
  160  11:15  Marauder  
  162  11:22  Engineering Bay  
  156  11:25  Engineering Bay  
  156  11:27  Marine, Marauder x2  
  161  11:33  Marine  
  161  11:35  Viking x2  
  161  11:37  Marauder  
  168  11:51  Marine, Marauder x2  
  168  11:52  Viking x2  
  177  11:55  Marine  
  177  11:56  Marine  
  177  11:58  Marauder  
  181  12:03  Terran Infantry Weapons Level 2  
  181  12:08  Ghost Academy  
  181  12:09  Barracks  
  181  12:10  Barracks x2  
  181  12:13  Marauder  
  181  12:27  Marine  
  181  12:28  Marauder x2  
  186  12:34  Liberator x2  
  186  12:38  Missile Turret  
  179  12:47  Marine, Marauder  
  179  12:49  Marauder  
  179  12:52  Viking x2  
  179  12:54  Marine  
  183  13:02  Planetary Fortress, Barracks Reactor, Barracks Tech Lab x2  
  181  13:09  Marine x3, Marauder  
  183  13:20  Ghost  
  183  13:22  Medivac x2  
  183  13:26  Ghost x2  
  193  13:27  Marine  
  194  13:36  Terran Infantry Armor Level 3  
  194  13:37  Terran Ship Weapons Level 1  
  194  13:46  Ghost x2  
  194  13:47  Marine  
  199  13:57  Command Center  
  199  14:06  Liberator x3  
  199  14:07  Liberator  
  156  14:21  Ghost  
  156  14:22  Marine x2, Marauder  
  156  14:23  Marauder  
  164  14:37  Refinery x2  
  164  14:40  Terran Infantry Weapons Level 3  
  164  14:49  Liberator  
  164  14:54  Marine x2, Marauder x2  
  170  15:01  Missile Turret  
  170  15:02  Sensor Tower  
  170  15:03  Liberator, Missile Turret  
  171  15:10  Planetary Fortress  
  171  15:13  Refinery  
  174  15:32  Marine x2, Marauder x3  
  174  15:33  Marine x3, Marauder x2  
  174  15:35  Terran Ship Weapons Level 2  
  189  15:40  Liberator x3  
  183  15:53  Marauder  
  183  15:55  Liberator  
  179  15:58  Ghost  
  179  15:59  Marine  
  181  16:23  Liberator x2  
  181  16:28  Command Center  
  181  16:37  Starport  
  181  16:38  Refinery  
  181  16:39  Fusion Core  
  181  16:40  Factory Tech Lab  
  177  17:19  Viking x2  
  177  17:20  Starport Tech Lab  
  148  17:33  Marine, Marauder  
  148  17:34  Marine, Marauder  
  148  17:35  Marauder x3  
  152  17:42  Liberator x2  
  148  17:45  Marine  
  148  17:47  Marine  
  134  17:52  Marine  
  134  17:54  Marauder  
  134  17:55  Marauder  
  134  17:56  Marauder x3  
  136  17:59  Advanced Ballistics  
  136  18:00  Liberator x3  
  142  18:12  Planetary Fortress  
  138  18:15  Marine  
  138  18:16  Marauder  
  138  18:17  Marine, Marauder x4  
  159  18:25  Liberator  
  153  18:37  Marauder  
  153  18:38  Marauder  
  153  18:39  Marauder x3  
  162  18:52  Liberator x2  
  162  18:55  Marine  
  160  18:59  Marauder  
  169  19:11  Marine, Marauder  
  169  19:14  Medivac  
  169  19:15  Medivac  
  170  19:22  Liberator  
  170  19:27  Liberator x2  
  170  19:40  Liberator  
  179  19:51  Marine, Marauder  
  179  19:52  Marine, Marauder x2  
  174  19:53  Marauder x2  
  170  20:05  Liberator  
  148  20:12  Marine, Marauder  
  148  20:13  Marauder  
  154  20:14  Marauder x2  
  142  20:29  Marine  
  142  20:34  Marauder  
  142  20:35  Marauder  
  129  21:02  Liberator  
  122  21:15  Marine x5, Marauder  
  122  21:34  Orbital Command  
  119  21:53  Medivac  
Tags
 
Add a new tag
Caveats
  • Supply blocks, unpowered buildings, or Contaminate may cause inaccurate times.
  • Supply counts are checked every 10 seconds.